 Dungeon Crawl Stone Soup version 0.31.0-11-ge490571c62 (webtiles) character file.

Game seed: 3606263765777285479

179 qw the Skirmisher (level 5, 0/29 HPs)
             Began as a Deep Elf Hunter on Feb 3, 2024.
             Slain by a gnoll
             ... wielding a +0 club
              (4 damage)
             ... on level 4 of the Dungeon.
             The game lasted 00:00:38 (2050 turns).

qw the Skirmisher (Deep Elf Hunter)                 Turns: 2050, Time: 00:00:38

Health: 0/29       AC:  6    Str: 10    XL:     5   Next: 33%
Magic:  7/7        EV:  9    Int: 14    God:
Gold:   172        SH:  0    Dex: 18    Spells: 4/4 levels left

rFire   . . .        a - +0 shortbow
rCold   . . .        (shield currently unavailable)
rNeg    . . .        e - +0 scale mail
rPois   .            (no helmet)
rElec   .            (no cloak)
rCorr   +            (no gloves)
SInv    .            (no boots)
Will    +....        (no amulet)
Stlth   +            h - ring of willpower
HPRegen 0.24/turn    i - ring of resist corrosion
MPRegen 0.10/turn

%: no passive effects
@: no status effects
A: no striking features
a: no special abilities


You were on level 4 of the Dungeon.
You visited 1 branch of the dungeon, and saw 4 of its levels.

You collected 172 gold pieces.


   Skills:
 - Level 1.5 Fighting
 + Level 8.8 Ranged Weapons
 - Level 2.4 Dodging
 - Level 1.2 Stealth


You had 4 spell levels left.
You didn't know any spells.
Your spell library was empty.

Inventory:

Hand Weapons
 a - a +0 shortbow (weapon)
Armour
 e - a +0 scale mail (worn)
Jewellery
 h - a ring of willpower (left hand)
 i - a ring of resist corrosion (right hand)
Wands
 c - a wand of flame (27)
Potions
 b - a potion of attraction {unknown}
 d - a potion of mutation
 f - 2 potions of curing
 g - a potion of lignification {unknown}
 k - a potion of degeneration {unknown}

Dungeon Overview and Level Annotations

Branches:
Dungeon (4/15)
 Temple: D:4-7

Altars:
Nemelex Xobeh
Vehumet


Message History

You shoot an arrow. The arrow closely misses the gnoll.
The arrow hits the gnoll but does no damage.
The gnoll is heavily wounded.
You shoot an arrow. The arrow hits the gnoll.
The gnoll is severely wounded.
The gnoll hits you but does no damage.
You shoot an arrow.
The arrow hits the gnoll but does no damage.
The gnoll is severely wounded.
The gnoll barely misses you.
You shoot an arrow. The arrow closely misses the gnoll.
The arrow hits the gnoll.
You kill the gnoll!
The gnoll hits you with a +0 flail!
You shoot an arrow. The arrow closely misses the gnoll.
The arrow barely misses the gnoll.
The gnoll hits you but does no damage. The gnoll misses you.
You shoot an arrow. The arrow closely misses the gnoll.
The arrow hits the gnoll.
The gnoll is lightly wounded.
The gnoll closely misses you.
You shoot an arrow. The arrow hits the gnoll.
You kill the gnoll!
You shoot an arrow. The arrow barely misses the gnoll.
The gnoll barely misses you.
You shoot an arrow. The arrow hits the gnoll.
The gnoll is lightly wounded.
The gnoll hits you with a +0 club. The gnoll hits you but does no damage.
You shoot an arrow. The arrow closely misses the gnoll.
The gnoll closely misses you.
You shoot an arrow. The arrow hits the gnoll!
The gnoll is severely wounded.
The gnoll hits you with a +0 club.
You shoot an arrow. The arrow barely misses the gnoll.
The gnoll hits you but does no damage.
You shoot an arrow.
The arrow hits the gnoll but does no damage.
The gnoll is severely wounded.
The gnoll hits you with a +0 club.
You die...

#.........#
+.........+
.........
....... .....
.). #g#
####@##
#..(..#
#.###.######.#
#. #........#
#.###..#######
#.....##
.######..##
.........#
########.#


You could see a gnoll.

Vanquished Creatures
  A jelly (D:4)
  An orc priest (D:3)
  2 gnolls (D:4)
  A dart slug (D:1)
  A ribbon worm (D:4)
  3 orcs (D:3)
  2 ball pythons (D:1)
  5 endoplasms
  5 giant cockroaches
  11 goblins
  9 hobgoblins
  15 jackals
  4 quokkas
  6 bats
  2 frilled lizards (D:2)
  10 kobolds
  3 rats
81 creatures vanquished.

Notes
Turn   | Place    | Note
-------+----------+-------------------------------------------
     0 | D:1      | qw the Deep Elf Hunter began the quest for the Orb.
     0 | D:1      | Reached XP level 1. HP: 12/12 MP: 3/3
     0 | D:1      | 0 ||| qw: Version: 0.3-a-155-g5e7d8dd
     0 | D:1      | 0 ||| qw: Game counter: 3375
     0 | D:1      | 0 ||| qw: Melee chars always use a shield: true
     0 | D:1      | 0 ||| qw: God list: Okawaru
     0 | D:1      | 0 ||| qw: Allow faded altars: false
     0 | D:1      | 0 ||| qw: Do Orc after clearing Dungeon:15 true
     0 | D:1      | 0 ||| qw: Do second Lair branch before Depths: true
     0 | D:1      | 0 ||| qw: Lair rune preference: random
     0 | D:1      | 0 ||| qw: Goals: Normal
     0 | D:1      | 0 ||| PLANNING D:1-11
    71 | D:1      | Reached XP level 2. HP: 16/16 MP: 4/4
   207 | D:1      | Reached skill level 6 in Ranged Weapons
   484 | D:1      | Reached XP level 3. HP: 13/20 MP: 5/5
   820 | D:1      | Found a faded altar of an unknown god.
   877 | D:1      | 877 ||| UPGRADING to ring of willpower.
   878 | D:1      | 878 ||| UPGRADING to ring of resist corrosion.
   879 | D:1      | 879 ||| READING scroll labelled SEXURU NYHU.
   879 | D:1      | 879 ||| IDENTIFYING pink potion
   880 | D:1      | 880 ||| READING scroll labelled ORGHEN ACHUCAA.
   881 | D:1      | 881 ||| DROPPING scroll of butterflies.
   938 | D:2      | Reached skill level 7 in Ranged Weapons
  1179 | D:2      | Reached XP level 4. HP: 25/25 MP: 6/6
  1454 | D:2      | 1454 ||| DRINKING 3 smoky green potions.
  1562 | D:3      | 1562 ||| FLEEEEING.
  1566 | D:3      | HP: 6/25 [poisoned by a kobold]
  1567 | D:3      | 1567 ||| DRINKING 2 potions of heal wounds.
  1647 | D:3      | HP: 5/25 [orc priest/+0 whip (4)]
  1648 | D:3      | 1648 ||| DRINKING potion of heal wounds.
  1653 | D:3      | Reached skill level 8 in Ranged Weapons
  1784 | D:3      | 1784 ||| UPGRADING to +0 scale mail.
  1794 | D:3      | 1794 ||| DROPPING +0 leather armour.
  1795 | D:3      | 1795 ||| READING scroll labelled MOCAICV YNOU.
  1795 | D:3      | 1795 ||| ENCHANTING +0 shortbow.
  1796 | D:3      | 1796 ||| DRINKING 3 white potions.
  1878 | D:4      | Found a sparkling altar of Nemelex Xobeh.
  1881 | D:4      | Reached XP level 5. HP: 29/29 MP: 7/7
  1902 | D:4      | Found a radiant altar of Vehumet.
  2046 | D:4      | HP: 6/29 [gnoll/+0 club (4)]
  2050 | D:4      | Slain by a gnoll

Levels and vault maps discovered:
D:1:      lightli_arrival_boilingwater, layout_loops_corners,
          shapermc_ecumenical_altar_ellora
D:2:      layout_loops_ring, solitary_fountain, minmay_pentomino_w2
D:3:      layout_rooms, kennysheep_generic_room_3
D:4:      layout_loops_corners, mainiacjoe_overflow_large_starburst,
          kiku_gazebo_pond_becter, kennysheep_nondescript

Skill      XL: |  1  2  3  4 |
---------------+-------------+-----
Ranged Weapons | 6 7 8 |  8.8
Fighting       | |  1.5
Dodging        | |  2.4
Stealth        | |  1.2

Action                     |  1- 3 |  4- 6 || total
---------------------------+-------+-------++-------
   Fire: Shortbow          |   122 |    89 ||   211
    Use: Scroll            |     2 |     1 ||     3
         Potion            |       |     4 ||     4
 Armour: Leather armour    |    28 |     6 ||    34
         Scale mail        |       |    13 ||    13
  Dodge: Dodged            |    29 |    13 ||    42

Table legend:
 A = Non-vault XP
 B = Vault XP
 C = Vault XP percentage of total XP
 D = Non-vault monster count
 E = Vault monster count
 F = Vault count percentage of total count
                 A         B        C        D         E       F
            +---------+---------+-------+---------+---------+-------
      Total |     254 |       3 |   1.2 |      79 |       2 |   2.5
            +---------+---------+-------+---------+---------+-------
        D:1 |      55 |       0 |   0.0 |      29 |       0 |   0.0
        D:2 |      47 |       3 |   6.0 |      27 |       2 |   6.9
        D:3 |      70 |       0 |   0.0 |      15 |       0 |   0.0
        D:4 |      82 |       0 |   0.0 |       8 |       0 |   0.0
            +---------+---------+-------+---------+---------+-------
